General information
- name: BNet
- type: Ladder team game (AT/RT)
- host: Battle.net
- saver: MyLiegeCyrus
map: Dragonblight
- players: 6
- length: 58:02
- speed: Fast
- version: 1.26 W3XP
- replay type:

» download(416 KB)
Players
team 1 (loser)

»
4k.Pierre (
red | 70 APM | 3179 actions | 45:41)
5 Keeper of the Grove
2 Force of Nature
2 Thorns Aura
1 Entangling Roots
2 Priestess of the Moon
1 Trueshot Aura
1 Scout
» actions
| Basic commands | 413 | |
| Build / train | 92 | |
| Enter build submenu | 35 | |
| Enter hero's abilities submenu | 7 | |
| Right click | 1771 | |
| Select / deselect | 712 | |
| Use ability | 149 | |
3179 total
» units
| Wisp | 34 | |
| Archer | 9 | |
| Chimaera | 10 | |
| Hippogryph | 6 | |
59 total
» upgrades
| Strength of the Wild | 3 | |
| Reinforced Hides | 3 | |
| Corrosive Breath | 1 | |
7 total
» buildings
| Altar of Elders | 1 | |
| Ancient of War | 1 | |
| Moon Well | 6 | |
| Ancient of Wonders | 2 | |
| Tree of Ages | 2 | |
| Hunter's Hall | 1 | |
| Tree of Eternity | 1 | |
| Ancient of Lore | 2 | |
| Ancient of Wind | 1 | |
| Chimaera Roost | 3 | |
| Tree of Life | 1 | |
| Ancient Protector | 11 | |
32 total
» build order
00:07 Altar of Elders
00:18 Ancient of War
00:27 Moon Well
01:38 Moon Well
02:01 Ancient of Wonders
03:04 Tree of Ages
04:33 Moon Well
04:48 Moon Well
04:52 Hunter's Hall
06:40 Tree of Eternity
07:06 Ancient of Lore
07:08 Ancient of Lore
07:54 Ancient of Wind
07:58 Moon Well
08:00 Moon Well
09:59 Chimaera Roost
10:15 Chimaera Roost
10:17 Chimaera Roost
11:35 Tree of Life
11:53 Ancient Protector
15:36 Ancient Protector
15:38 Ancient Protector
15:40 Ancient Protector
15:42 Ancient Protector
19:01 Ancient Protector
19:02 Ancient Protector
19:04 Ancient Protector
19:06 Ancient Protector
19:16 Ancient Protector
20:14 Ancient Protector
20:38 Ancient of Wonders
» items
| Scroll of Town Portal | 6 | |
| Dust of Appearance | 1 | |
7 total
De_LHerbe (
yellow | 67 APM | 3913 actions | 58:01)
3 Death Knight
2 Death Coil
1 Unholy Aura
4 Crypt Lord
2 Carrion Beetles
2 Spiked Carapace
1 Priestess of the Moon
1 Trueshot Aura
» actions
| Basic commands | 292 | |
| Build / train | 114 | |
| Enter build submenu | 27 | |
| Enter hero's abilities submenu | 9 | |
| Give item / drop item | 1 | |
| Remove unit from queue | 2 | |
| Right click | 2230 | |
| Select / deselect | 1054 | |
| Use ability | 184 | |
3913 total
» units
| Acolyte | 11 | |
| Ghoul | 9 | |
| Crypt Fiend | 14 | |
| Blue Drake | 2 | |
| Frost Wyrm | 10 | |
| Blue Dragon | 9 | |
| Wind Rider | 2 | |
| Troll Batrider | 3 | |
60 total
» upgrades
| Web | 1 | |
| Creature Carapace | 3 | |
| Creature Attack | 3 | |
| Freezing Breath | 2 | |
9 total
» buildings
| Crypt | 1 | |
| Ziggurat | 20 | |
| Altar of Darkness | 1 | |
| Graveyard | 1 | |
| Tomb of Relics | 2 | |
| Halls of the Dead | 3 | |
| Necropolis | 1 | |
| Black Citadel | 3 | |
| Nerubian Tower | 2 | |
| Spirit Tower | 10 | |
| Sacrificial Pit | 1 | |
| Boneyard | 2 | |
47 total
» build order
00:09 Crypt
00:11 Ziggurat
00:30 Altar of Darkness
00:47 Graveyard
01:00 Ziggurat
01:53 Tomb of Relics
02:45 Ziggurat
04:12 Halls of the Dead
04:13 Halls of the Dead
04:13 Halls of the Dead
05:08 Ziggurat
09:02 Necropolis
09:07 Ziggurat
09:08 Ziggurat
09:13 Ziggurat
09:14 Ziggurat
09:39 Ziggurat
10:06 Black Citadel
10:06 Black Citadel
10:48 Nerubian Tower
10:48 Nerubian Tower
10:49 Spirit Tower
11:33 Sacrificial Pit
12:10 Ziggurat
14:34 Tomb of Relics
14:52 Spirit Tower
14:54 Spirit Tower
14:59 Ziggurat
15:26 Boneyard
15:28 Boneyard
26:03 Spirit Tower
26:05 Spirit Tower
35:11 Ziggurat
35:12 Ziggurat
35:12 Ziggurat
35:12 Ziggurat
42:09 Spirit Tower
51:12 Spirit Tower
51:12 Spirit Tower
51:19 Ziggurat
51:21 Ziggurat
51:22 Ziggurat
51:22 Ziggurat
51:24 Ziggurat
52:39 Spirit Tower
» items
| Dust of Appearance | 4 | |
| Scroll of Town Portal | 2 | |
| Potion of Lesser Invulnerability | 1 | |
| Boots of Speed | 1 | |
| Periapt of Vitality | 1 | |
9 total
LiFe_Of_RaSta (
purple | 54 APM | 2464 actions | 45:41)
4 Far Seer
1 Feral Spirit
2 Chain Lighting
1 Far Sight
2 Shadow Hunter
1 Hex
1 Healing Wave
» actions
| Basic commands | 64 | |
| Build / train | 102 | |
| Enter build submenu | 30 | |
| Enter hero's abilities submenu | 7 | |
| Remove unit from queue | 2 | |
| Right click | 1569 | |
| Select / deselect | 528 | |
| Use ability | 162 | |
2464 total
» units
| Peon | 18 | |
| Grunt | 6 | |
| Frost Revenant | 1 | |
| Nerubian Webspinner | 1 | |
| Demolisher | 9 | |
| Shaman | 8 | |
| Troll Witch Doctor | 7 | |
| Spirit Walker | 1 | |
| Wind Rider | 8 | |
| Troll Batrider | 1 | |
60 total
» upgrades
| Berserker Strength | 1 | |
| Armor | 3 | |
| Melee Weapons | 1 | |
| Witch Doctor Training | 2 | |
| Shaman Training | 2 | |
| Ranged Weapons | 3 | |
| Spirit Walker Training | 2 | |
| Reinforced Defenses | 1 | |
| Burning Oil | 1 | |
16 total
» buildings
| Altar of Storms | 1 | |
| Orc Burrow | 6 | |
| Barracks | 1 | |
| Voodoo Lounge | 2 | |
| Stronghold | 2 | |
| War Mill | 1 | |
| Spirit Lodge | 1 | |
| Fortress | 1 | |
| Watch Tower | 12 | |
| Great Hall | 3 | |
| Beastiary | 2 | |
32 total
» build order
00:10 Altar of Storms
00:23 Orc Burrow
00:51 Barracks
01:33 Orc Burrow
01:52 Voodoo Lounge
03:22 Stronghold
03:22 Stronghold
04:29 Orc Burrow
04:34 War Mill
06:34 Orc Burrow
07:56 Spirit Lodge
09:52 Fortress
11:36 Watch Tower
12:00 Great Hall
12:03 Watch Tower
12:24 Great Hall
14:20 Watch Tower
15:23 Orc Burrow
15:29 Watch Tower
16:05 Orc Burrow
16:48 Watch Tower
20:41 Voodoo Lounge
22:08 Watch Tower
22:11 Watch Tower
22:14 Watch Tower
23:46 Watch Tower
23:49 Watch Tower
25:33 Watch Tower
27:30 Great Hall
27:47 Watch Tower
30:32 Beastiary
30:38 Beastiary
» items
| Lesser Clarity Potion | 3 | |
| Healing Salve | 2 | |
| Scroll of Speed | 1 | |
| Periapt of Vitality | 1 | |
| Potion of Lesser Invulnerability | 2 | |
| Potion of Mana | 2 | |
| Orb of Lightning | 1 | |
| Scroll of Town Portal | 1 | |
13 total
team 2 (winner)
AlasPoorYorick (
orange | 102 APM | 5893 actions | 58:02)
5 Goblin Alchemist
3 Chemical Rage
2 Acid Bomb
5 Demon Hunter
3 Mana Burn
2 Evasion
3 Pandaren Brewmaster
1 Drunken Haze
2 Drunken Brawler
» actions
| Assign group hotkey | 23 | |
| Basic commands | 298 | |
| Build / train | 90 | |
| ESC pressed | 2 | |
| Enter build submenu | 22 | |
| Enter hero's abilities submenu | 15 | |
| Give item / drop item | 1 | |
| Remove unit from queue | 6 | |
| Right click | 3068 | |
| Select / deselect | 909 | |
| Select group hotkey | 1295 | |
| Use ability | 164 | |
5893 total
» units
| Wisp | 31 | |
| Hippogryph | 10 | |
| Goblin Sapper | 3 | |
| Goblin Zeppelin | 1 | |
45 total
» upgrades
| Ultravision | 1 | |
| Nature's Blessing | 1 | |
| Well Spring | 1 | |
| Strength of the Wild | 1 | |
| Reinforced Hides | 1 | |
5 total
» buildings
| Altar of Elders | 1 | |
| Moon Well | 12 | |
| Tree of Ages | 1 | |
| Hunter's Hall | 1 | |
| Tree of Life | 3 | |
| Ancient of Wind | 1 | |
| Tree of Eternity | 1 | |
| Ancient of Wonders | 1 | |
21 total
» build order
00:05 Altar of Elders
00:18 Moon Well
01:34 Moon Well
02:26 Moon Well
03:22 Moon Well
04:07 Tree of Ages
05:46 Hunter's Hall
07:40 Tree of Life
07:52 Ancient of Wind
10:13 Moon Well
10:52 Tree of Eternity
10:59 Ancient of Wonders
11:10 Moon Well
12:10 Moon Well
13:22 Moon Well
15:15 Moon Well
16:16 Moon Well
16:17 Moon Well
16:52 Tree of Life
17:21 Moon Well
30:27 Tree of Life
» items
| Boots of Speed | 2 | |
| Staff of Teleportation | 2 | |
| Healing Salve | 1 | |
| Orb of Lightning | 3 | |
| Staff of Sanctuary | 3 | |
| Circlet of Nobility | 2 | |
| Periapt of Vitality | 2 | |
15 total
MyLiegeCyrus (
pink | 124 APM | 7173 actions | 58:02)
6 Archmage
3 Blizzard
3 Brilliance Aura
5 Mountain King
3 Storm Bolt
2 Bash
5 Paladin
3 Holy Light
2 Divine Shield
» actions
| Assign group hotkey | 354 | |
| Basic commands | 38 | |
| Build / train | 148 | |
| Enter build submenu | 114 | |
| Enter hero's abilities submenu | 16 | |
| Give item / drop item | 1 | |
| Right click | 3562 | |
| Select / deselect | 503 | |
| Select group hotkey | 2079 | |
| Use ability | 358 | |
7173 total
» units
» upgrades
| Masonry | 3 | |
| Lumber Harvesting | 3 | |
| Magic Sentry | 1 | |
7 total
» buildings
| Altar of Kings | 1 | |
| Farm | 11 | |
| Lumber Mill | 1 | |
| Scout Tower | 131 | |
| Arcane Tower | 18 | |
| Guard Tower | 66 | |
| Arcane Vault | 3 | |
| Keep | 1 | |
| Castle | 1 | |
| Town Hall | 1 | |
| Arcane Sanctum | 1 | |
235 total
» build order
00:11 Altar of Kings
00:27 Farm
00:41 Lumber Mill
00:54 Farm
01:14 Farm
01:29 Scout Tower
01:46 Scout Tower
01:55 Scout Tower
01:56 Scout Tower
02:00 Scout Tower
02:01 Arcane Tower
02:19 Arcane Tower
02:23 Scout Tower
02:42 Arcane Tower
02:45 Scout Tower
02:45 Guard Tower
03:06 Scout Tower
03:07 Guard Tower
03:14 Guard Tower
03:15 Scout Tower
03:25 Scout Tower
03:26 Guard Tower
03:36 Scout Tower
03:37 Guard Tower
03:46 Guard Tower
03:46 Guard Tower
03:46 Guard Tower
03:48 Scout Tower
04:07 Scout Tower
04:08 Guard Tower
04:09 Guard Tower
04:11 Scout Tower
04:12 Scout Tower
04:13 Scout Tower
04:14 Guard Tower
04:15 Scout Tower
04:16 Scout Tower
04:17 Scout Tower
04:21 Arcane Vault
04:24 Scout Tower
04:25 Scout Tower
04:28 Scout Tower
04:29 Scout Tower
04:37 Scout Tower
04:38 Guard Tower
04:40 Scout Tower
04:41 Scout Tower
04:43 Arcane Tower
04:47 Arcane Tower
04:58 Keep
05:01 Guard Tower
05:04 Arcane Tower
05:30 Scout Tower
05:30 Guard Tower
05:38 Guard Tower
05:52 Guard Tower
05:57 Scout Tower
06:02 Scout Tower
06:02 Scout Tower
06:15 Guard Tower
06:17 Scout Tower
06:18 Scout Tower
06:19 Scout Tower
06:20 Scout Tower
06:28 Farm
06:34 Arcane Vault
06:39 Guard Tower
06:40 Guard Tower
06:42 Arcane Vault
06:45 Scout Tower
06:46 Scout Tower
06:55 Scout Tower
06:58 Scout Tower
06:58 Scout Tower
07:32 Guard Tower
07:39 Guard Tower
07:41 Arcane Tower
07:52 Guard Tower
07:52 Guard Tower
07:55 Guard Tower
08:14 Guard Tower
08:15 Arcane Tower
08:47 Scout Tower
09:09 Scout Tower
10:08 Guard Tower
10:23 Castle
10:40 Town Hall
10:52 Scout Tower
10:54 Scout Tower
10:54 Scout Tower
10:55 Scout Tower
11:17 Scout Tower
11:19 Scout Tower
11:22 Scout Tower
11:23 Scout Tower
11:25 Arcane Tower
11:34 Guard Tower
11:42 Guard Tower
11:48 Arcane Tower
12:06 Arcane Sanctum
12:08 Arcane Tower
12:09 Guard Tower
12:14 Guard Tower
12:23 Scout Tower
12:24 Guard Tower
12:27 Scout Tower
12:28 Scout Tower
12:28 Scout Tower
12:29 Scout Tower
13:06 Guard Tower
13:16 Scout Tower
13:17 Scout Tower
13:48 Guard Tower
14:08 Guard Tower
14:08 Guard Tower
14:08 Guard Tower
14:13 Scout Tower
14:14 Scout Tower
15:19 Scout Tower
15:30 Guard Tower
15:32 Scout Tower
15:32 Scout Tower
15:35 Scout Tower
15:36 Scout Tower
15:37 Scout Tower
15:37 Scout Tower
15:46 Farm
15:50 Guard Tower
15:51 Guard Tower
15:52 Scout Tower
15:56 Scout Tower
15:57 Scout Tower
16:00 Scout Tower
16:01 Scout Tower
16:03 Scout Tower
16:04 Scout Tower
16:06 Scout Tower
16:08 Scout Tower
16:12 Scout Tower
16:13 Scout Tower
16:33 Guard Tower
16:40 Scout Tower
16:40 Scout Tower
16:41 Scout Tower
16:42 Scout Tower
16:42 Scout Tower
16:43 Scout Tower
16:44 Scout Tower
16:45 Scout Tower
16:45 Scout Tower
16:46 Scout Tower
16:47 Scout Tower
16:47 Scout Tower
16:49 Guard Tower
17:45 Arcane Tower
17:46 Guard Tower
17:48 Scout Tower
17:50 Scout Tower
18:56 Guard Tower
19:16 Guard Tower
19:17 Scout Tower
19:17 Scout Tower
19:18 Scout Tower
19:19 Scout Tower
19:44 Guard Tower
19:49 Scout Tower
19:50 Scout Tower
19:54 Scout Tower
19:54 Scout Tower
20:07 Scout Tower
20:11 Scout Tower
20:22 Arcane Tower
20:25 Guard Tower
20:28 Scout Tower
20:35 Guard Tower
20:53 Arcane Tower
22:01 Guard Tower
22:02 Scout Tower
22:04 Scout Tower
22:10 Scout Tower
22:11 Scout Tower
22:12 Scout Tower
22:13 Scout Tower
22:13 Scout Tower
22:17 Arcane Tower
22:32 Guard Tower
22:39 Guard Tower
22:40 Guard Tower
22:40 Guard Tower
23:28 Scout Tower
23:29 Scout Tower
23:31 Scout Tower
23:32 Scout Tower
23:33 Scout Tower
23:34 Scout Tower
25:47 Guard Tower
26:01 Guard Tower
27:20 Guard Tower
27:23 Scout Tower
27:24 Scout Tower
28:06 Guard Tower
28:20 Guard Tower
28:22 Scout Tower
28:23 Scout Tower
28:24 Scout Tower
29:07 Guard Tower
30:25 Guard Tower
31:22 Scout Tower
31:23 Scout Tower
32:17 Guard Tower
32:26 Scout Tower
32:27 Scout Tower
32:30 Scout Tower
32:31 Scout Tower
33:13 Arcane Tower
34:52 Guard Tower
38:00 Scout Tower
38:03 Scout Tower
38:09 Farm
38:10 Farm
38:20 Guard Tower
38:34 Arcane Tower
38:58 Arcane Tower
39:00 Scout Tower
39:31 Guard Tower
39:33 Scout Tower
41:08 Guard Tower
41:11 Scout Tower
42:03 Guard Tower
42:06 Scout Tower
42:36 Guard Tower
50:29 Farm
50:30 Farm
50:31 Farm
54:54 Farm
» items
| Orb of Lightning | 3 | |
| Healing Salve | 2 | |
| Staff of Sanctuary | 3 | |
| Boots of Speed | 3 | |
| Staff of Teleportation | 3 | |
14 total
TIMG4STROK (
teal | 86 APM | 5012 actions | 58:02)
9 Blademaster
3 Wind Walk
3 Critical Strike
1 Bladestorm
2 Mirror Image
» actions
| Assign group hotkey | 40 | |
| Basic commands | 17 | |
| Build / train | 91 | |
| ESC pressed | 4 | |
| Enter build submenu | 61 | |
| Enter hero's abilities submenu | 9 | |
| Give item / drop item | 7 | |
| Right click | 3228 | |
| Select / deselect | 362 | |
| Select group hotkey | 808 | |
| Use ability | 385 | |
5012 total
» units
» upgrades
| Ranged Weapons | 3 | |
| Liquid Fire | 1 | |
| Armor | 1 | |
| Reinforced Defenses | 1 | |
| Spiked Barricades | 1 | |
7 total
» buildings
| Altar of Storms | 1 | |
| Orc Burrow | 4 | |
| Voodoo Lounge | 2 | |
| Stronghold | 1 | |
| War Mill | 1 | |
| Fortress | 1 | |
| Beastiary | 2 | |
| Watch Tower | 48 | |
60 total
» build order
00:08 Altar of Storms
00:16 Orc Burrow
00:43 Voodoo Lounge
01:36 Orc Burrow
02:42 Voodoo Lounge
03:57 Stronghold
04:36 War Mill
06:18 Fortress
06:20 Beastiary
06:21 Beastiary
06:31 Orc Burrow
09:50 Watch Tower
09:52 Watch Tower
10:41 Watch Tower
10:44 Watch Tower
10:53 Orc Burrow
13:35 Watch Tower
13:36 Watch Tower
14:44 Watch Tower
15:04 Watch Tower
15:05 Watch Tower
15:06 Watch Tower
15:07 Watch Tower
15:11 Watch Tower
16:20 Watch Tower
16:22 Watch Tower
16:24 Watch Tower
16:45 Watch Tower
16:47 Watch Tower
16:50 Watch Tower
16:52 Watch Tower
16:57 Watch Tower
16:58 Watch Tower
19:04 Watch Tower
19:05 Watch Tower
19:47 Watch Tower
19:48 Watch Tower
28:36 Watch Tower
28:36 Watch Tower
30:19 Watch Tower
30:20 Watch Tower
30:21 Watch Tower
30:21 Watch Tower
31:50 Watch Tower
31:51 Watch Tower
31:56 Watch Tower
31:56 Watch Tower
32:03 Watch Tower
33:10 Watch Tower
33:12 Watch Tower
33:13 Watch Tower
33:19 Watch Tower
34:28 Watch Tower
34:29 Watch Tower
34:30 Watch Tower
34:31 Watch Tower
35:53 Watch Tower
35:54 Watch Tower
35:57 Watch Tower
35:58 Watch Tower
» items
| Healing Salve | 4 | |
| Lesser Clarity Potion | 3 | |
| Scroll of Speed | 1 | |
| Orb of Lightning | 2 | |
| Staff of Teleportation | 2 | |
| Boots of Speed | 2 | |
14 total
Chat log
(32:47 / All) MyLiegeCyrus: hey everyone welcome to dragonblight!
(34:00 / All) MyLiegeCyrus: thx for level :D
(34:23 / All) TIMG4STROK: lmao!
(40:01 / All) MyLiegeCyrus: BYE RED
(40:03 / All) MyLiegeCyrus: nice tp
(40:07 / All) MyLiegeCyrus: noob
(40:31 / All) TIMG4STROK: bye
(40:44 / All) MyLiegeCyrus: this is when undead quits
(40:45 / All) TIMG4STROK: rip shitty death knight
(41:53 / All) MyLiegeCyrus: i would like to note that red was biggest noob this game
(41:56 / All) MyLiegeCyrus: he's the reason you lost
(42:05 / All) 4k.Pierre: get the fuck poor guy
(42:15 / All) 4k.Pierre: do you see your tech
(42:19 / All) MyLiegeCyrus: yes
(42:22 / All) MyLiegeCyrus: It is immense
(42:23 / All) 4k.Pierre: it's just ruining this game
(42:24 / All) MyLiegeCyrus: undeniable
(42:25 / All) 4k.Pierre: you have no skill
(42:32 / All) MyLiegeCyrus: hmm I believe I just beat you handily
(43:24 / All) MyLiegeCyrus: sorry "Pierre"
(43:32 / All) MyLiegeCyrus: Looks like you accomplished nothing
(43:33 / All) MyLiegeCyrus: Again
(44:01 / All) MyLiegeCyrus: ANOTHER WASTED TP!
(44:02 / All) MyLiegeCyrus: :D
(44:06 / All) MyLiegeCyrus: idiotas
(45:10 / All) MyLiegeCyrus: smart tp purple
(45:22 / All) MyLiegeCyrus: SEE YA
(45:24 / All) MyLiegeCyrus: that cost me 0 gold
(45:31 / All) MyLiegeCyrus: what about you??
(45:47 / All) AlasPoorYorick: gg
(47:13 / All) TIMG4STROK: gg & bye
(50:21 / All) TIMG4STROK: 5 bats per dragondad
(50:27 / All) De_LHerbe: ok
(50:34 / All) De_LHerbe: come with 10 bats
(50:37 / All) MyLiegeCyrus: looks like you need a hand
(50:37 / All) TIMG4STROK: it's ok, you don't know a lot about this game
(50:42 / All) MyLiegeCyrus: www.highper.ch might provide
(50:53 / All) TIMG4STROK: also maybe you don't know a lot about math, there are 4 dragondads
(50:56 / All) TIMG4STROK: 4 x 5 = ??
(50:58 / All) MyLiegeCyrus: i mean you're a big bunch of noobies so we don't mind giving advyce
(51:01 / All) De_LHerbe: you
(51:03 / All) De_LHerbe: come
(51:05 / All) De_LHerbe: with
(51:07 / All) De_LHerbe: 10 bats
(51:16 / All) TIMG4STROK: 10 wont kill 4 dads